Detroit Red Wings vs Vancouver Canucks
Created - Thursday, November 20, 2025 at 07:48
Goals
|
| Detroit Red Wings |
1 |
1 |
0 |
0 |
1 |
2 |
| Vancouver Canucks |
2 |
0 |
0 |
0 |
2 |
3 |
|
Shots
|
| Detroit Red Wings |
13 |
8 |
6 |
0 |
3 |
27 |
| Vancouver Canucks |
15 |
6 |
11 |
4 |
3 |
36 |
|
1st period
1. Vancouver Canucks , Matias Maccelli 3 (Casey Mittelstadt 33) at 3:53
2. Vancouver Canucks , Matias Maccelli 4 (Casey Mittelstadt 34, Brett Leason 12) at 9:01
3. Detroit Red Wings , Max Pacioretty 22 (Jackson LaCombe 49, Tanner Pearson 24) at 15:44
Penalties :
Emil Martinsen Lilleberg (VAN) for High sticking (Minor) at 12:01
2nd period
4. Detroit Red Wings , Shayne Gostisbehere 5 (Cole Sillinger 32, Max Pacioretty 25) at 3:09 (PP)
Penalties :
Joel Hanley (VAN) for Hooking (Minor) at 2:33, Ryan McDonagh (VAN) for Tripping (Minor) at 3:58, Mikko Rantanen (VAN) for Cross-checking (Minor) at 10:01, Joel Hanley (VAN) for Elbowing (Minor) at 13:38
3rd period
No Goal
Penalties :
Shayne Gostisbehere (DET) for Tripping (Minor) at 2:35, Jamie Drysdale (DET) for Hooking (Minor) at 10:41, Mikko Rantanen (VAN) for Slashing (Minor) at 16:11
Overtime #1
No Goal
Penalties :
No Penalty
Shootout
Detroit Red Wings, Cutter Gauthier - Stopped by Cam Talbot
Vancouver Canucks, Aleksander Barkov - Goal!
Detroit Red Wings, Collin Graf - Stopped by Cam Talbot
Vancouver Canucks, Anton Lundell - Shot Misses the Net
Detroit Red Wings, Cole Sillinger - Goal!
Vancouver Canucks, Artturi Lehkonen - Goal!
Penalties :
No Penalty
Goalie Stats
Laurent Brossoit (DET), 34 saves from 36 shots - (0.944), OTL, 23-22-8, 65:00 minutes
Cam Talbot (VAN), 25 saves from 27 shots - (0.926), W, 19-16-3, 65:00 minutes
Players Stats for Detroit Red Wings
Player Name G A P +/- PIM S H SB GA TA FO MP PP MP PK MP
------------------------------------------------------------------------------------
Cole Sillinger 0 1 1 1 0 1 0 1 1 1 7/17 20:11 5:19 2:04
Collin Graf 0 0 0 0 0 3 1 1 1 2 2/2 20:19 5:02 0:00
Conor Timmins 0 0 0 -1 0 0 1 1 0 1 0/0 19:55 5:02 1:51
Cutter Gauthier 0 0 0 0 0 2 1 1 1 1 6/15 20:18 5:02 0:00
Fraser Minten 0 0 0 0 0 1 1 1 0 0 1/1 19:32 4:56 0:00
Jackson LaCombe 0 1 1 0 0 3 1 0 2 1 0/0 29:21 5:29 2:18
Jamie Drysdale 0 0 0 0 2 0 3 0 0 0 0/0 26:13 5:09 0:47
Jayden Struble 0 0 0 -1 0 0 3 0 0 2 0/0 12:09 0:00 0:00
Kevin Stenlund 0 0 0 -1 0 2 1 1 2 0 2/8 15:47 0:16 1:54
Max Pacioretty 1 1 2 1 0 6 0 0 2 0 1/4 16:44 5:19 0:00
Peyton Krebs 0 0 0 -1 0 2 1 1 0 0 0/0 12:46 0:00 0:00
Raphael Lavoie 0 0 0 -1 0 1 1 0 2 0 0/0 11:50 0:10 0:00
Rasmus Kupari 0 0 0 -1 0 2 0 0 0 1 0/3 10:03 0:00 1:45
Ryan Graves 0 0 0 0 0 0 3 2 0 0 0/0 20:00 0:00 2:07
Shayne Gostisbehere 1 0 1 0 2 2 2 3 0 1 0/0 22:39 5:22 0:53
Tanner Pearson 0 1 1 1 0 0 1 0 0 0 1/1 17:48 5:19 0:00
Vasili Podkolzin 0 0 0 -1 0 2 6 0 0 0 0/0 10:16 0:10 0:17
Yakov Trenin 0 0 0 -1 0 0 0 0 0 1 0/0 10:09 0:00 1:56
Players Stats for Vancouver Canucks
Player Name G A P +/- PIM S H SB GA TA FO MP PP MP PK MP
------------------------------------------------------------------------------------
Aleksander Barkov 0 0 0 0 0 3 2 2 1 0 6/9 20:36 1:59 5:05
Anton Lundell 0 0 0 0 0 2 0 0 1 0 2/4 16:40 0:00 5:16
Artturi Lehkonen 0 0 0 0 0 0 2 0 2 1 0/1 23:59 1:59 5:08
Bobby McMann 0 0 0 -1 0 2 0 1 0 0 1/1 11:02 0:00 0:00
Brett Leason 0 1 1 2 0 0 1 1 0 0 0/0 12:14 0:00 5:01
Casey Mittelstadt 0 2 2 2 0 4 0 0 1 0 5/5 11:32 1:59 0:10
Clayton Keller 0 0 0 0 0 4 0 0 0 0 12/26 18:24 1:59 0:00
Connor Zary 0 0 0 0 0 2 1 0 1 1 0/0 13:20 1:59 0:00
Emil Martinsen Lilleberg 0 0 0 0 2 0 2 1 0 3 0/0 16:21 0:00 1:22
Jake Bean 0 0 0 0 0 0 0 1 0 0 0/0 14:08 0:00 0:00
Jesperi Kotkaniemi 0 0 0 -1 0 0 1 0 0 0 0/0 13:31 0:00 0:22
Joel Hanley 0 0 0 1 4 2 3 1 0 1 0/0 20:16 1:51 3:37
Matias Maccelli 2 0 2 2 0 3 0 0 0 0 0/0 8:00 0:00 0:00
Mikko Rantanen 0 0 0 0 4 2 3 0 1 0 2/2 18:53 1:59 0:00
Miro Heiskanen 0 0 0 0 0 7 1 1 2 0 0/0 28:49 2:07 6:31
Noah Hanifin 0 0 0 0 0 1 2 0 0 3 0/0 25:00 2:07 5:08
Ryan McDonagh 0 0 0 1 2 1 3 1 1 1 0/0 25:54 1:51 4:24
Sean Couturier 0 0 0 -1 0 3 3 0 1 1 3/3 10:44 0:00 0:00
3 Stars
1 - Matias Maccelli (VAN)
2 - Max Pacioretty (DET)
3 - Casey Mittelstadt (VAN)
Power Play
Detroit Red Wings - 1 on 6 Attempt(s) - 16.67%
Vancouver Canucks - 0 on 2 Attempt(s) - 0.00%
Penalty Kill
Detroit Red Wings - 2 on 2 Attempt(s) - 100.00%
- Score 0 goal in Penalty Kill
Vancouver Canucks - 5 on 6 Attempt(s) - 83.33%
- Score 0 goal in Penalty Kill
Team Stat
Detroit Red Wings - Hits : 26 - Faceoff Wins : 20 - Blocked Shots : 12 - Penalty Minutes : 4
Vancouver Canucks - Hits : 24 - Faceoff Wins : 31 - Blocked Shots : 9 - Penalty Minutes : 12
Official
Referees : Trevor Hanson and Cody Beach
Linesman : Mark Shewchyk and Trent Knorr
Game Notes
No Game Note
Finance
Level 1 -- Attendance: 4690 (78.17%) -- Ticket Income $464,310
Level 2 -- Attendance: 3507 (70.14%) -- Ticket Income $206,913
Level 3 -- Attendance: 2162 (72.07%) -- Ticket Income $73,508
Level 4 -- Attendance: 3855 (77.10%) -- Ticket Income $92,520
Luxury Box -- Attendance: 721 (72.10%) -- Ticket Income $143,479
Game was played at the Rogers Arena.
Total Attendance: 14935 (74.68%)
Total Ticket Income: $980,730
Other Income: $343,256
Total Income: $1,323,986
Detroit Red Wings
5 vs 5 Forward
Center Left Wing Right Wing Time % Phy DF OF
1 Cutter Gauthier Fraser Minten Collin Graf 35 1 2 2
2 Cole Sillinger Tanner Pearson Max Pacioretty 35 1 1 3
3 Kevin Stenlund Peyton Krebs Raphael Lavoie 20 1 2 2
4 Rasmus Kupari Vasili Podkolzin Yakov Trenin 10 2 2 1
5 vs 5 Defense
Defense Defense Time % Phy DF OF
1 Ryan Graves Jackson LaCombe 40 1 2 2
2 Jamie Drysdale Shayne Gostisbehere 30 1 2 2
3 Conor Timmins Jayden Struble 20 3 1 1
4 Jamie Drysdale Jackson LaCombe 10 1 2 2
PowerPlay Forward
Center Left Wing Right Wing Time % Phy DF OF
1 Cutter Gauthier Fraser Minten Collin Graf 50 0 1 4
2 Cole Sillinger Tanner Pearson Max Pacioretty 50 0 1 4
PowerPlay Defense
Defense Defense Time % Phy DF OF
1 Jamie Drysdale Jackson LaCombe 50 1 2 2
2 Conor Timmins Shayne Gostisbehere 50 1 2 2
Penalty Kill 4 Players Forward
Center Wing Time % Phy DF OF
1 Kevin Stenlund Rasmus Kupari 50 2 2 1
2 Cole Sillinger Yakov Trenin 50 2 2 1
Penalty Kill 4 Players Defense
Defense Defense Time % Phy DF OF
1 Ryan Graves Jackson LaCombe 50 2 2 1
2 Conor Timmins Shayne Gostisbehere 50 2 2 1
Penalty Kill - 3 Players Forward
Forward Time % Phy DF OF
1 Cutter Gauthier 50 1 2 2
2 Cole Sillinger 50 1 2 2
Penalty Kill - 3 Players Defense
Defense Defense Time % Phy DF OF
1 Ryan Graves Jackson LaCombe 50 1 2 2
2 Conor Timmins Jayden Struble 50 2 2 1
4 vs 4 Forward
Center Wing Time % Phy DF OF
1 Cutter Gauthier Collin Graf 60 1 2 2
2 Cole Sillinger Fraser Minten 40 1 1 3
4 vs 4 Defense
Defense Defense Time % Phy DF OF
1 Ryan Graves Jackson LaCombe 60 1 2 2
2 Jamie Drysdale Jayden Struble 40 1 2 2
Last Minutes Offensive
Center Left Wing Right Wing Defense Defense
Cutter Gauthier Cole Sillinger Collin Graf Jamie Drysdale Jackson LaCombe
Last Minutes Defensive
Center Left Wing Right Wing Defense Defense
Cutter Gauthier Cole Sillinger Collin Graf Jamie Drysdale Jackson LaCombe
Goaltenders
Starting : Laurent Brossoit
Backup : Ville Husso
Extra Forwards
Normal : Kevin Stenlund, Peyton Krebs, Tanner Pearson - PP : Kevin Stenlund, Tanner Pearson - PK : Yakov Trenin
Extra Defensemen
Normal : Shayne Gostisbehere, Jamie Drysdale, Ryan Graves - PP : Shayne Gostisbehere - PK : Shayne Gostisbehere, Jamie Drysdale
Penalty Shots
Cutter Gauthier, Collin Graf, Cole Sillinger, Max Pacioretty, Fraser Minten
Scratches
Daniel Torgersson (Healthy), Christian Fischer (Healthy), Kasperi Kapanen (Healthy), Jett Woo (Healthy), Vitek Vanecek (Healthy)
Vancouver Canucks
5 vs 5 Forward
Center Left Wing Right Wing Time % Phy DF OF
1 Clayton Keller Artturi Lehkonen Mikko Rantanen 37 1 1 3
2 Aleksander Barkov Connor Zary Anton Lundell 28 1 2 2
3 Sean Couturier Jesperi Kotkaniemi Bobby McMann 21 1 2 2
4 Casey Mittelstadt Matias Maccelli Brett Leason 14 1 3 1
5 vs 5 Defense
Defense Defense Time % Phy DF OF
1 Noah Hanifin Miro Heiskanen 30 1 2 2
2 Ryan McDonagh Joel Hanley 30 1 2 2
3 Jake Bean Emil Martinsen Lilleberg 25 1 2 2
4 Ryan McDonagh Miro Heiskanen 15 1 2 2
PowerPlay Forward
Center Left Wing Right Wing Time % Phy DF OF
1 Aleksander Barkov Clayton Keller Mikko Rantanen 50 0 1 4
2 Casey Mittelstadt Connor Zary Artturi Lehkonen 50 0 1 4
PowerPlay Defense
Defense Defense Time % Phy DF OF
1 Noah Hanifin Miro Heiskanen 50 0 1 4
2 Ryan McDonagh Joel Hanley 50 0 1 4
Penalty Kill 4 Players Forward
Center Wing Time % Phy DF OF
1 Anton Lundell Brett Leason 50 1 2 2
2 Aleksander Barkov Artturi Lehkonen 50 1 2 2
Penalty Kill 4 Players Defense
Defense Defense Time % Phy DF OF
1 Ryan McDonagh Joel Hanley 50 1 2 2
2 Noah Hanifin Miro Heiskanen 50 1 2 2
Penalty Kill - 3 Players Forward
Forward Time % Phy DF OF
1 Anton Lundell 50 1 2 2
2 Brett Leason 50 1 2 2
Penalty Kill - 3 Players Defense
Defense Defense Time % Phy DF OF
1 Ryan McDonagh Joel Hanley 50 1 2 2
2 Noah Hanifin Miro Heiskanen 50 1 2 2
4 vs 4 Forward
Center Wing Time % Phy DF OF
1 Clayton Keller Mikko Rantanen 50 1 2 2
2 Aleksander Barkov Artturi Lehkonen 50 1 2 2
4 vs 4 Defense
Defense Defense Time % Phy DF OF
1 Noah Hanifin Miro Heiskanen 50 1 2 2
2 Ryan McDonagh Joel Hanley 50 1 2 2
Last Minutes Offensive
Center Left Wing Right Wing Defense Defense
Aleksander Barkov Clayton Keller Mikko Rantanen Noah Hanifin Miro Heiskanen
Last Minutes Defensive
Center Left Wing Right Wing Defense Defense
Anton Lundell Artturi Lehkonen Brett Leason Ryan McDonagh Joel Hanley
Goaltenders
Starting : Cam Talbot
Backup : Justus Annunen
Extra Forwards
Normal : Mikko Rantanen, Artturi Lehkonen, Clayton Keller - PP : Mikko Rantanen, Clayton Keller - PK : Anton Lundell
Extra Defensemen
Normal : Miro Heiskanen, Joel Hanley, Ryan McDonagh - PP : Miro Heiskanen - PK : Ryan McDonagh, Joel Hanley
Penalty Shots
Aleksander Barkov, Anton Lundell, Artturi Lehkonen, Jesperi Kotkaniemi, Mikko Rantanen
Scratches
Ty Dellandrea (Healthy), Jacob Bernard-Docker (Healthy), Eemil Viro (Healthy), Jacob Bryson (Healthy)
% Time on Ice - Detroit Red Wings
Lines # - Real PCT - Wanted PCT - Time Play
Normal Forward
1 - 31% - 35% - 14:03
2 - 27% - 35% - 12:27
3 - 24% - 20% - 10:48
4 - 18% - 10% - 8:13
Normal Defense
1 - 37% - 40% - 17:00
2 - 37% - 30% - 16:49
3 - 19% - 20% - 8:46
4 - 6% - 10% - 2:56
PP Forward
1 - 49% - 50% - 5:08
2 - 51% - 50% - 5:23
PP Defense
1 - 49% - 50% - 5:09
2 - 51% - 50% - 5:22
PK Forward
1 - 48% - 50% - 1:54
2 - 52% - 50% - 2:04
PK Defense
1 - 53% - 50% - 2:07
2 - 47% - 50% - 1:51
PK3 Forward
1 - 0% - 50%
2 - 0% - 50%
PK3 Defense
1 - 0% - 50%
2 - 0% - 50%
44 Forward
1 - 77% - 60% - 3:52
2 - 23% - 40% - 1:08
44 Defense
1 - 62% - 60% - 3:07
2 - 38% - 40% - 1:53
Last Minute Offensive - 0:00
Last Minute Defensive - 0:00
Total
Forward - 65:00
Defense - 65:00
|
% Time on Ice - Vancouver Canucks
Lines # - Real PCT - Wanted PCT - Time Play
Normal Forward
1 - 33% - 37% - 14:55
2 - 28% - 28% - 12:40
3 - 24% - 21% - 10:44
4 - 16% - 14% - 7:12
Normal Defense
1 - 32% - 30% - 14:43
2 - 30% - 30% - 13:29
3 - 30% - 25% - 13:31
4 - 8% - 15% - 3:48
PP Forward
1 - 50% - 50% - 1:59
2 - 50% - 50% - 1:59
PP Defense
1 - 53% - 50% - 2:07
2 - 47% - 50% - 1:51
PK Forward
1 - 50% - 50% - 5:16
2 - 50% - 50% - 5:15
PK Defense
1 - 55% - 50% - 5:50
2 - 45% - 50% - 4:41
PK3 Forward
1 - 0% - 50%
2 - 0% - 50%
PK3 Defense
1 - 0% - 50%
2 - 0% - 50%
44 Forward
1 - 50% - 50% - 2:30
2 - 50% - 50% - 2:30
44 Defense
1 - 55% - 50% - 2:44
2 - 45% - 50% - 2:16
Last Minute Offensive - 0:00
Last Minute Defensive - 0:00
Total
Forward - 65:00
Defense - 65:00
|
Play-by-Play
1st period
0:01 of 1st period - Clayton Keller wins face-off versus Cutter Gauthier in neutral zone.
0:07 of 1st period - Icing by Collin Graf.
0:08 of 1st period - Cutter Gauthier wins face-off versus Clayton Keller in Detroit Red Wings zone.
0:19 of 1st period - Snap shot by Cutter Gauthier.
0:19 of 1st period - Shot Blocked by Miro Heiskanen.
0:23 of 1st period - Snap shot by Cutter Gauthier.
0:23 of 1st period - Shot Misses the Net.
0:39 of 1st period - Snap shot by Max Pacioretty.
0:39 of 1st period - Stopped by Cam Talbot without a rebound.
0:40 of 1st period - Kevin Stenlund wins face-off versus Aleksander Barkov in Vancouver Canucks zone.
1:07 of 1st period - Wrist shot by Connor Zary.
1:07 of 1st period - Shot Misses the Net.
1:45 of 1st period - Snap shot by Kevin Stenlund.
1:45 of 1st period - Shot Blocked by Emil Martinsen Lilleberg.
1:59 of 1st period - Snap shot by Peyton Krebs.
1:59 of 1st period - Stopped by Cam Talbot with a rebound.
2:01 of 1st period - Wrist shot by Peyton Krebs.
2:01 of 1st period - Shot Misses the Net.
2:03 of 1st period - Snap shot by Kevin Stenlund.
2:03 of 1st period - Shot Blocked by Jake Bean.
2:51 of 1st period - Kevin Stenlund is hit by Emil Martinsen Lilleberg and loses puck.
2:57 of 1st period - Off-side.
2:58 of 1st period - Sean Couturier wins face-off versus Cole Sillinger in neutral zone.
3:05 of 1st period - Slapshot by Sean Couturier.
3:05 of 1st period - Stopped by Laurent Brossoit with a rebound.
3:13 of 1st period - Wrist shot by Bobby McMann.
3:13 of 1st period - Shot Blocked by Conor Timmins.
3:49 of 1st period - Snap shot by Matias Maccelli.
3:49 of 1st period - Deflect By Casey Mittelstadt.
3:49 of 1st period - Deflect By Yakov Trenin.
3:49 of 1st period - Shot Misses the Net.
3:49 of 1st period - Puck is out of play.
3:50 of 1st period - Casey Mittelstadt wins face-off versus Rasmus Kupari in Detroit Red Wings zone.
3:53 of 1st period - Snap shot by Matias Maccelli.
3:53 of 1st period - Goal by Matias Maccelli - Detroit Red Wings : 0 - Vancouver Canucks : 1.
3:54 of 1st period - Cole Sillinger wins face-off versus Clayton Keller in neutral zone.
4:11 of 1st period - Snap shot by Clayton Keller.
4:11 of 1st period - Stopped by Laurent Brossoit with a rebound.
4:21 of 1st period - Sean Couturier is hit by Cutter Gauthier.
4:29 of 1st period - Wrist shot by Bobby McMann.
4:29 of 1st period - Stopped by Laurent Brossoit with a rebound.
4:31 of 1st period - Slapshot by Ryan McDonagh.
4:31 of 1st period - Shot Blocked by Ryan Graves.
4:43 of 1st period - Noah Hanifin is hit by Vasili Podkolzin and loses puck.
5:25 of 1st period - Wrist shot by Bobby McMann.
5:25 of 1st period - Stopped by Laurent Brossoit with a rebound.
5:45 of 1st period - Joel Hanley is hit by Jayden Struble and loses puck.
5:56 of 1st period - Rasmus Kupari is hit by Sean Couturier and loses puck.
6:40 of 1st period - Ryan Graves is hit by Ryan McDonagh.
6:54 of 1st period - Emil Martinsen Lilleberg is hit by Ryan Graves.
7:38 of 1st period - Matias Maccelli is hit by Jackson LaCombe and loses puck.
7:51 of 1st period - Snap shot by Aleksander Barkov.
7:51 of 1st period - Stopped by Laurent Brossoit with a rebound.
8:15 of 1st period - Slapshot by Sean Couturier.
8:15 of 1st period - Shot Blocked by Cole Sillinger.
8:21 of 1st period - Snap shot by Sean Couturier.
8:21 of 1st period - Shot Misses the Net.
9:01 of 1st period - Slapshot by Matias Maccelli.
9:01 of 1st period - Goal by Matias Maccelli - Detroit Red Wings : 0 - Vancouver Canucks : 2.
9:02 of 1st period - Clayton Keller wins face-off versus Cutter Gauthier in neutral zone.
9:11 of 1st period - Snap shot by Mikko Rantanen.
9:11 of 1st period - Stopped by Laurent Brossoit with a rebound.
9:13 of 1st period - Slapshot by Miro Heiskanen.
9:13 of 1st period - Deflect By Fraser Minten.
9:13 of 1st period - Stopped by Laurent Brossoit with a rebound.
9:15 of 1st period - Wrist shot by Clayton Keller.
9:15 of 1st period - Stopped by Laurent Brossoit with a rebound.
9:17 of 1st period - Slapshot by Miro Heiskanen.
9:17 of 1st period - Deflect By Collin Graf.
9:17 of 1st period - Stopped by Laurent Brossoit with a rebound.
9:35 of 1st period - Snap shot by Max Pacioretty.
9:35 of 1st period - Stopped by Cam Talbot without a rebound.
9:36 of 1st period - Sean Couturier wins face-off versus Max Pacioretty in Vancouver Canucks zone.
9:45 of 1st period - Jackson LaCombe is hit by Jesperi Kotkaniemi.
10:10 of 1st period - Wrist shot by Rasmus Kupari.
10:10 of 1st period - Stopped by Cam Talbot without a rebound.
10:11 of 1st period - Cutter Gauthier wins face-off versus Clayton Keller in Vancouver Canucks zone.
10:12 of 1st period - Snap shot by Fraser Minten.
10:12 of 1st period - Shot Misses the Net.
10:14 of 1st period - Wrist shot by Collin Graf.
10:14 of 1st period - Stopped by Cam Talbot with a rebound.
10:16 of 1st period - Snap shot by Fraser Minten.
10:16 of 1st period - Stopped by Cam Talbot with a rebound.
10:18 of 1st period - Wrist shot by Collin Graf.
10:18 of 1st period - Stopped by Cam Talbot with a rebound.
10:26 of 1st period - Snap shot by Cutter Gauthier.
10:26 of 1st period - Shot Misses the Net.
11:05 of 1st period - Connor Zary is hit by Vasili Podkolzin and loses puck.
11:49 of 1st period - Peyton Krebs is hit by Mikko Rantanen and loses puck.
12:01 of 1st period - Minor Penalty to Emil Martinsen Lilleberg for High sticking.
12:02 of 1st period - Anton Lundell wins face-off versus Cutter Gauthier in Vancouver Canucks zone.
13:44 of 1st period - Ryan McDonagh is hit by Shayne Gostisbehere and loses puck.
14:01 of 1st period - Penalty to Emil Martinsen Lilleberg is over, Emil Martinsen Lilleberg is back on ice.
14:27 of 1st period - Slapshot by Aleksander Barkov.
14:27 of 1st period - Deflect By Vasili Podkolzin.
14:27 of 1st period - Stopped by Laurent Brossoit with a rebound.
14:29 of 1st period - Slapshot by Miro Heiskanen.
14:29 of 1st period - Stopped by Laurent Brossoit without a rebound.
14:30 of 1st period - Sean Couturier wins face-off versus Rasmus Kupari in Detroit Red Wings zone.
15:05 of 1st period - Snap shot by Matias Maccelli.
15:05 of 1st period - Deflect By Casey Mittelstadt.
15:05 of 1st period - Shot Blocked by Collin Graf.
15:05 of 1st period - Puck is out of play.
15:06 of 1st period - Casey Mittelstadt wins face-off versus Cutter Gauthier in Detroit Red Wings zone.
15:23 of 1st period - Casey Mittelstadt is hit by Fraser Minten and loses puck.
15:38 of 1st period - Snap shot by Cole Sillinger.
15:38 of 1st period - Deflect By Max Pacioretty.
15:38 of 1st period - Stopped by Cam Talbot with a rebound.
15:40 of 1st period - Wrist shot by Tanner Pearson.
15:40 of 1st period - Shot Misses the Net.
15:42 of 1st period - Slapshot by Jackson LaCombe.
15:42 of 1st period - Stopped by Cam Talbot with a rebound.
15:44 of 1st period - Slapshot by Max Pacioretty.
15:44 of 1st period - Goal by Max Pacioretty - Detroit Red Wings : 1 - Vancouver Canucks : 2.
15:45 of 1st period - Clayton Keller wins face-off versus Cole Sillinger in neutral zone.
16:43 of 1st period - Snap shot by Fraser Minten.
16:43 of 1st period - Shot Misses the Net.
16:59 of 1st period - Slapshot by Cutter Gauthier.
16:59 of 1st period - Stopped by Cam Talbot without a rebound.
17:00 of 1st period - Tanner Pearson wins face-off versus Clayton Keller in Vancouver Canucks zone.
17:26 of 1st period - Sean Couturier is hit by Raphael Lavoie.
17:59 of 1st period - Wrist shot by Matias Maccelli.
17:59 of 1st period - Shot Misses the Net.
18:01 of 1st period - Wrist shot by Casey Mittelstadt.
18:01 of 1st period - Deflect By Matias Maccelli.
18:01 of 1st period - Shot Misses the Net.
18:01 of 1st period - Puck is out of play.
18:02 of 1st period - Clayton Keller wins face-off versus Cole Sillinger in Detroit Red Wings zone.
18:53 of 1st period - Snap shot by Sean Couturier.
18:53 of 1st period - Shot Blocked by Kevin Stenlund.
18:55 of 1st period - Slapshot by Sean Couturier.
18:55 of 1st period - Stopped by Laurent Brossoit with a rebound.
19:17 of 1st period - Snap shot by Casey Mittelstadt.
19:17 of 1st period - Stopped by Laurent Brossoit without a rebound.
19:18 of 1st period - Mikko Rantanen wins face-off versus Cole Sillinger in Detroit Red Wings zone.
19:27 of 1st period - Snap shot by Max Pacioretty.
19:27 of 1st period - Stopped by Cam Talbot with a rebound.
19:29 of 1st period - Slapshot by Shayne Gostisbehere.
19:29 of 1st period - Shot Misses the Net.
19:31 of 1st period - Slapshot by Max Pacioretty.
19:31 of 1st period - Stopped by Cam Talbot with a rebound.
19:33 of 1st period - Slapshot by Jamie Drysdale.
19:33 of 1st period - Shot Misses the Net.
Goals for this period are 1 for Detroit Red Wings vs 2 for Vancouver Canucks.
Shots for this period are 13 for Detroit Red Wings vs 15 for Vancouver Canucks.
2nd period
0:01 of 2nd period - Clayton Keller wins face-off versus Max Pacioretty in neutral zone.
0:31 of 2nd period - Snap shot by Connor Zary.
0:31 of 2nd period - Shot Blocked by Fraser Minten.
0:33 of 2nd period - Slapshot by Joel Hanley.
0:33 of 2nd period - Deflect By Jackson LaCombe.
0:33 of 2nd period - Stopped by Laurent Brossoit with a rebound.
0:35 of 2nd period - Snap shot by Aleksander Barkov.
0:35 of 2nd period - Shot Hit the Post.
0:37 of 2nd period - Snap shot by Joel Hanley.
0:37 of 2nd period - Shot Blocked by Cutter Gauthier.
1:38 of 2nd period - Snap shot by Vasili Podkolzin.
1:38 of 2nd period - Stopped by Cam Talbot without a rebound.
1:39 of 2nd period - Aleksander Barkov wins face-off versus Max Pacioretty in Vancouver Canucks zone.
2:33 of 2nd period - Minor Penalty to Joel Hanley for Hooking.
2:34 of 2nd period - Aleksander Barkov wins face-off versus Cole Sillinger in Vancouver Canucks zone.
3:09 of 2nd period - Wrist shot by Shayne Gostisbehere.
3:09 of 2nd period - Goal by Shayne Gostisbehere - Detroit Red Wings : 2 - Vancouver Canucks : 2.
3:10 of 2nd period - Clayton Keller wins face-off versus Cutter Gauthier in neutral zone.
3:13 of 2nd period - Jamie Drysdale is hit by Mikko Rantanen and loses puck.
3:20 of 2nd period - Slapshot by Jackson LaCombe.
3:20 of 2nd period - Stopped by Cam Talbot without a rebound.
3:21 of 2nd period - Cole Sillinger wins face-off versus Clayton Keller in Vancouver Canucks zone.
3:36 of 2nd period - Off-side.
3:37 of 2nd period - Collin Graf wins face-off versus Aleksander Barkov in neutral zone.
3:58 of 2nd period - Minor Penalty to Ryan McDonagh for Tripping.
3:59 of 2nd period - Collin Graf wins face-off versus Aleksander Barkov in Vancouver Canucks zone.
4:02 of 2nd period - Wrist shot by Cutter Gauthier.
4:02 of 2nd period - Shot Misses the Net.
4:51 of 2nd period - Collin Graf is hit by Artturi Lehkonen and loses puck.
5:58 of 2nd period - Penalty to Ryan McDonagh is over, Ryan McDonagh is back on ice.
6:06 of 2nd period - Jesperi Kotkaniemi is hit by Jamie Drysdale and loses puck.
6:15 of 2nd period - Raphael Lavoie is hit by Sean Couturier and loses puck.
6:38 of 2nd period - Clayton Keller is hit by Vasili Podkolzin and loses puck.
7:01 of 2nd period - Yakov Trenin is hit by Ryan McDonagh and loses puck.
7:14 of 2nd period - Jayden Struble is hit by Miro Heiskanen and loses puck.
7:42 of 2nd period - Conor Timmins is hit by Aleksander Barkov.
7:54 of 2nd period - Backhand shot by Cutter Gauthier.
7:54 of 2nd period - Deflect By Collin Graf.
7:54 of 2nd period - Shot Blocked by Brett Leason.
7:54 of 2nd period - Puck is out of play.
7:55 of 2nd period - Casey Mittelstadt wins face-off versus Cutter Gauthier in Vancouver Canucks zone.
8:43 of 2nd period - Slapshot by Miro Heiskanen.
8:43 of 2nd period - Stopped by Laurent Brossoit without a rebound.
8:44 of 2nd period - Clayton Keller wins face-off versus Rasmus Kupari in Detroit Red Wings zone.
8:57 of 2nd period - Jackson LaCombe is hit by Noah Hanifin and loses puck.
9:15 of 2nd period - Wrist shot by Cole Sillinger.
9:15 of 2nd period - Shot Misses the Net.
9:17 of 2nd period - Slapshot by Ryan Graves.
9:17 of 2nd period - Shot Blocked by Ryan McDonagh.
9:19 of 2nd period - Slapshot by Ryan Graves.
9:19 of 2nd period - Shot Blocked by Aleksander Barkov.
9:39 of 2nd period - Snap shot by Cutter Gauthier.
9:39 of 2nd period - Stopped by Cam Talbot without a rebound.
9:40 of 2nd period - Cutter Gauthier wins face-off versus Clayton Keller in Vancouver Canucks zone.
10:01 of 2nd period - Minor Penalty to Mikko Rantanen for Cross-checking.
10:02 of 2nd period - Cutter Gauthier wins face-off versus Artturi Lehkonen in Vancouver Canucks zone.
10:11 of 2nd period - Slapshot by Cutter Gauthier.
10:11 of 2nd period - Shot Blocked by Aleksander Barkov.
11:04 of 2nd period - Off-side.
11:05 of 2nd period - Aleksander Barkov wins face-off versus Cutter Gauthier in neutral zone.
11:14 of 2nd period - Backhand shot by Jackson LaCombe.
11:14 of 2nd period - Stopped by Cam Talbot without a rebound.
11:15 of 2nd period - Cutter Gauthier wins face-off versus Anton Lundell in Vancouver Canucks zone.
12:01 of 2nd period - Penalty to Mikko Rantanen is over, Mikko Rantanen is back on ice.
12:28 of 2nd period - Conor Timmins is hit by Emil Martinsen Lilleberg and loses puck.
12:45 of 2nd period - Miro Heiskanen is hit by Ryan Graves and loses puck.
13:25 of 2nd period - Ryan McDonagh is hit by Jayden Struble and loses puck.
13:30 of 2nd period - Snap shot by Raphael Lavoie.
13:30 of 2nd period - Shot Blocked by Joel Hanley.
13:32 of 2nd period - Slapshot by Kevin Stenlund.
13:32 of 2nd period - Stopped by Cam Talbot with a rebound.
13:38 of 2nd period - Minor Penalty to Joel Hanley for Elbowing.
13:39 of 2nd period - Anton Lundell wins face-off versus Cutter Gauthier in Vancouver Canucks zone.
13:52 of 2nd period - Cutter Gauthier is hit by Artturi Lehkonen and loses puck.
14:14 of 2nd period - Slapshot by Miro Heiskanen.
14:14 of 2nd period - Stopped by Laurent Brossoit with a rebound.
15:38 of 2nd period - Penalty to Joel Hanley is over, Joel Hanley is back on ice.
15:48 of 2nd period - Snap shot by Sean Couturier.
15:48 of 2nd period - Shot Misses the Net.
16:24 of 2nd period - Max Pacioretty is hit by Mikko Rantanen and loses puck.
16:35 of 2nd period - Sean Couturier is hit by Vasili Podkolzin and loses puck.
16:46 of 2nd period - Collin Graf is hit by Aleksander Barkov.
16:56 of 2nd period - Kevin Stenlund is hit by Brett Leason and loses puck.
17:07 of 2nd period - Mikko Rantanen is hit by Conor Timmins and loses puck.
17:40 of 2nd period - Connor Zary is hit by Peyton Krebs and loses puck.
17:51 of 2nd period - Snap shot by Vasili Podkolzin.
17:51 of 2nd period - Shot Misses the Net.
18:13 of 2nd period - Casey Mittelstadt is hit by Vasili Podkolzin and loses puck.
18:36 of 2nd period - Snap shot by Cole Sillinger.
18:36 of 2nd period - Stopped by Cam Talbot with a rebound.
18:54 of 2nd period - Wrist shot by Connor Zary.
18:54 of 2nd period - Stopped by Laurent Brossoit without a rebound.
18:55 of 2nd period - Aleksander Barkov wins face-off versus Kevin Stenlund in Detroit Red Wings zone.
19:04 of 2nd period - Wrist shot by Connor Zary.
19:04 of 2nd period - Deflect By Anton Lundell.
19:04 of 2nd period - Stopped by Laurent Brossoit with a rebound.
19:12 of 2nd period - Slapshot by Miro Heiskanen.
19:12 of 2nd period - Deflect By Peyton Krebs.
19:12 of 2nd period - Stopped by Laurent Brossoit without a rebound.
19:13 of 2nd period - Clayton Keller wins face-off versus Cole Sillinger in Detroit Red Wings zone.
19:32 of 2nd period - Artturi Lehkonen is hit by Jamie Drysdale and loses puck.
19:57 of 2nd period - Slapshot by Peyton Krebs.
19:57 of 2nd period - Stopped by Cam Talbot with a rebound.
Goals for this period are 1 for Detroit Red Wings vs 0 for Vancouver Canucks.
Shots for this period are 8 for Detroit Red Wings vs 6 for Vancouver Canucks.
3rd period
0:01 of 3rd period - Cole Sillinger wins face-off versus Clayton Keller in neutral zone.
0:37 of 3rd period - Slapshot by Connor Zary.
0:37 of 3rd period - Shot Misses the Net.
1:00 of 3rd period - Snap shot by Sean Couturier.
1:00 of 3rd period - Stopped by Laurent Brossoit without a rebound.
1:01 of 3rd period - Cole Sillinger wins face-off versus Clayton Keller in Detroit Red Wings zone.
1:11 of 3rd period - Off-side.
1:12 of 3rd period - Clayton Keller wins face-off versus Cole Sillinger in neutral zone.
1:39 of 3rd period - Jackson LaCombe is hit by Connor Zary and loses puck.
1:44 of 3rd period - Snap shot by Connor Zary.
1:44 of 3rd period - Stopped by Laurent Brossoit with a rebound.
1:46 of 3rd period - Slapshot by Noah Hanifin.
1:46 of 3rd period - Shot Blocked by Ryan Graves.
1:48 of 3rd period - Wrist shot by Anton Lundell.
1:48 of 3rd period - Stopped by Laurent Brossoit without a rebound.
1:49 of 3rd period - Clayton Keller wins face-off versus Cole Sillinger in Detroit Red Wings zone.
1:52 of 3rd period - Snap shot by Clayton Keller.
1:52 of 3rd period - Stopped by Laurent Brossoit without a rebound.
1:53 of 3rd period - Cole Sillinger wins face-off versus Clayton Keller in Detroit Red Wings zone.
1:53 of 3rd period - Cole Sillinger is hit by Noah Hanifin.
2:35 of 3rd period - Minor Penalty to Shayne Gostisbehere for Tripping.
2:36 of 3rd period - Aleksander Barkov wins face-off versus Kevin Stenlund in Detroit Red Wings zone.
3:03 of 3rd period - Cole Sillinger is hit by Joel Hanley and loses puck.
3:14 of 3rd period - Wrist shot by Casey Mittelstadt.
3:14 of 3rd period - Stopped by Laurent Brossoit with a rebound.
4:35 of 3rd period - Penalty to Shayne Gostisbehere is over, Shayne Gostisbehere is back on ice.
4:39 of 3rd period - Slapshot by Jackson LaCombe.
4:39 of 3rd period - Shot Misses the Net.
4:53 of 3rd period - Snap shot by Vasili Podkolzin.
4:53 of 3rd period - Stopped by Cam Talbot with a rebound.
7:25 of 3rd period - Ryan McDonagh is hit by Tanner Pearson and loses puck.
8:04 of 3rd period - Collin Graf is hit by Sean Couturier.
8:29 of 3rd period - Ryan McDonagh is hit by Vasili Podkolzin and loses puck.
9:16 of 3rd period - Miro Heiskanen is hit by Kevin Stenlund and loses puck.
9:44 of 3rd period - Icing by Max Pacioretty.
9:45 of 3rd period - Cole Sillinger wins face-off versus Clayton Keller in Detroit Red Wings zone.
10:09 of 3rd period - Conor Timmins is hit by Ryan McDonagh and loses puck.
10:30 of 3rd period - Snap shot by Casey Mittelstadt.
10:30 of 3rd period - Shot Misses the Net.
10:32 of 3rd period - Slapshot by Matias Maccelli.
10:32 of 3rd period - Stopped by Laurent Brossoit without a rebound.
10:33 of 3rd period - Casey Mittelstadt wins face-off versus Kevin Stenlund in Detroit Red Wings zone.
10:36 of 3rd period - Snap shot by Brett Leason.
10:36 of 3rd period - Shot Blocked by Shayne Gostisbehere.
10:38 of 3rd period - Wrist shot by Brett Leason.
10:38 of 3rd period - Deflect By Matias Maccelli.
10:38 of 3rd period - Shot Blocked by Peyton Krebs.
10:38 of 3rd period - Puck is out of play.
10:39 of 3rd period - Cole Sillinger wins face-off versus Clayton Keller in Detroit Red Wings zone.
10:41 of 3rd period - Minor Penalty to Jamie Drysdale for Hooking.
10:42 of 3rd period - Mikko Rantanen wins face-off versus Cole Sillinger in Detroit Red Wings zone.
10:46 of 3rd period - Snap shot by Clayton Keller.
10:46 of 3rd period - Shot Misses the Net.
10:48 of 3rd period - Snap shot by Clayton Keller.
10:48 of 3rd period - Shot Misses the Net.
11:16 of 3rd period - Slapshot by Miro Heiskanen.
11:16 of 3rd period - Stopped by Laurent Brossoit without a rebound.
11:17 of 3rd period - Aleksander Barkov wins face-off versus Kevin Stenlund in Detroit Red Wings zone.
11:30 of 3rd period - Snap shot by Aleksander Barkov.
11:30 of 3rd period - Shot Blocked by Shayne Gostisbehere.
11:32 of 3rd period - Wrist shot by Mikko Rantanen.
11:32 of 3rd period - Shot Blocked by Shayne Gostisbehere.
11:49 of 3rd period - Snap shot by Casey Mittelstadt.
11:49 of 3rd period - Stopped by Laurent Brossoit with a rebound.
11:51 of 3rd period - Slapshot by Miro Heiskanen.
11:51 of 3rd period - Deflect By Connor Zary.
11:51 of 3rd period - Shot Misses the Net.
11:51 of 3rd period - Puck is out of play.
11:52 of 3rd period - Casey Mittelstadt wins face-off versus Cole Sillinger in Detroit Red Wings zone.
12:29 of 3rd period - Wrist shot by Mikko Rantanen.
12:29 of 3rd period - Stopped by Laurent Brossoit with a rebound.
12:35 of 3rd period - Wrist shot by Aleksander Barkov.
12:35 of 3rd period - Shot Misses the Net.
12:41 of 3rd period - Penalty to Jamie Drysdale is over, Jamie Drysdale is back on ice.
12:53 of 3rd period - Snap shot by Fraser Minten.
12:53 of 3rd period - Shot Misses the Net.
12:55 of 3rd period - Wrist shot by Collin Graf.
12:55 of 3rd period - Stopped by Cam Talbot with a rebound.
12:57 of 3rd period - Backhand shot by Cutter Gauthier.
12:57 of 3rd period - Shot Misses the Net.
13:31 of 3rd period - Icing by Jamie Drysdale.
13:32 of 3rd period - Kevin Stenlund wins face-off versus Clayton Keller in Detroit Red Wings zone.
13:44 of 3rd period - Snap shot by Mikko Rantanen.
13:44 of 3rd period - Shot Misses the Net.
14:02 of 3rd period - Connor Zary is hit by Collin Graf and loses puck.
14:17 of 3rd period - Slapshot by Peyton Krebs.
14:17 of 3rd period - Shot Blocked by Bobby McMann.
14:19 of 3rd period - Wrist shot by Shayne Gostisbehere.
14:19 of 3rd period - Stopped by Cam Talbot with a rebound.
14:21 of 3rd period - Slapshot by Raphael Lavoie.
14:21 of 3rd period - Stopped by Cam Talbot with a rebound.
14:23 of 3rd period - Snap shot by Kevin Stenlund.
14:23 of 3rd period - Stopped by Cam Talbot without a rebound.
14:24 of 3rd period - Max Pacioretty wins face-off versus Clayton Keller in Vancouver Canucks zone.
15:30 of 3rd period - Jamie Drysdale is hit by Joel Hanley and loses puck.
15:48 of 3rd period - Icing by Noah Hanifin.
15:49 of 3rd period - Clayton Keller wins face-off versus Cutter Gauthier in Vancouver Canucks zone.
16:11 of 3rd period - Minor Penalty to Mikko Rantanen for Slashing.
16:12 of 3rd period - Fraser Minten wins face-off versus Anton Lundell in Vancouver Canucks zone.
16:41 of 3rd period - Snap shot by Aleksander Barkov.
16:41 of 3rd period - Stopped by Laurent Brossoit with a rebound.
17:19 of 3rd period - Artturi Lehkonen is hit by Shayne Gostisbehere and loses puck.
18:10 of 3rd period - Collin Graf is hit by Joel Hanley.
18:11 of 3rd period - Penalty to Mikko Rantanen is over, Mikko Rantanen is back on ice.
19:00 of 3rd period - Slapshot by Rasmus Kupari.
19:00 of 3rd period - Stopped by Cam Talbot without a rebound.
19:01 of 3rd period - Clayton Keller wins face-off versus Kevin Stenlund in Vancouver Canucks zone.
19:06 of 3rd period - Backhand shot by Clayton Keller.
19:06 of 3rd period - Stopped by Laurent Brossoit with a rebound.
19:26 of 3rd period - Jake Bean is hit by Jayden Struble and loses puck.
19:58 of 3rd period - Icing by Cutter Gauthier.
19:59 of 3rd period - Bobby McMann wins face-off versus Kevin Stenlund in Detroit Red Wings zone.
Goals for this period are 0 for Detroit Red Wings vs 0 for Vancouver Canucks.
Shots for this period are 6 for Detroit Red Wings vs 11 for Vancouver Canucks.
Overtime #1
0:01 of 1st overtime period - Cutter Gauthier wins face-off versus Clayton Keller in neutral zone.
1:44 of 1st overtime period - Artturi Lehkonen is hit by Jamie Drysdale and loses puck.
2:06 of 1st overtime period - Slapshot by Noah Hanifin.
2:06 of 1st overtime period - Stopped by Laurent Brossoit with a rebound.
2:12 of 1st overtime period - Wrist shot by Jesperi Kotkaniemi.
2:12 of 1st overtime period - Shot Misses the Net.
2:14 of 1st overtime period - Backhand shot by Ryan McDonagh.
2:14 of 1st overtime period - Deflect By Casey Mittelstadt.
2:14 of 1st overtime period - Stopped by Laurent Brossoit with a rebound.
2:16 of 1st overtime period - Slapshot by Ryan McDonagh.
2:16 of 1st overtime period - Stopped by Laurent Brossoit with a rebound.
2:18 of 1st overtime period - Wrist shot by Joel Hanley.
2:18 of 1st overtime period - Stopped by Laurent Brossoit with a rebound.
4:10 of 1st overtime period - Artturi Lehkonen is hit by Ryan Graves and loses puck.
4:39 of 1st overtime period - Snap shot by Peyton Krebs.
4:39 of 1st overtime period - Shot Misses the Net.
Goals for this period are 0 for Detroit Red Wings vs 0 for Vancouver Canucks.
Shots for this period are 0 for Detroit Red Wings vs 4 for Vancouver Canucks.
ShootOut
5:00 of 1st overtime period - Round #1.
5:00 of 1st overtime period - Detroit Red Wings, Cutter Gauthier.
5:00 of 1st overtime period - Wrist shot by Cutter Gauthier.
5:00 of 1st overtime period - Stopped by Cam Talbot.
5:00 of 1st overtime period - Vancouver Canucks, Aleksander Barkov.
5:00 of 1st overtime period - Backhand shot by Aleksander Barkov.
5:00 of 1st overtime period - Goal by Aleksander Barkov.
5:00 of 1st overtime period - Round #2.
5:00 of 1st overtime period - Detroit Red Wings, Collin Graf.
5:00 of 1st overtime period - Backhand shot by Collin Graf.
5:00 of 1st overtime period - Stopped by Cam Talbot.
5:00 of 1st overtime period - Vancouver Canucks, Anton Lundell.
5:00 of 1st overtime period - Snap shot by Anton Lundell.
5:00 of 1st overtime period - Shot Misses the Net.
5:00 of 1st overtime period - Round #3.
5:00 of 1st overtime period - Detroit Red Wings, Cole Sillinger.
5:00 of 1st overtime period - Backhand shot by Cole Sillinger.
5:00 of 1st overtime period - Goal by Cole Sillinger.
5:00 of 1st overtime period - Vancouver Canucks, Artturi Lehkonen.
5:00 of 1st overtime period - Backhand shot by Artturi Lehkonen.
5:00 of 1st overtime period - Goal by Artturi Lehkonen.
Back to the Top